 Dungeon Crawl Stone Soup version bcrawl-1.21.3 (webtiles) character file.

Game seed: 17183458896927049461

331 funkygono the Gouger (level 6, -6/32 HPs)
             Began as a Felid Martial Artist on Apr 4, 2020.
             Was a Believer of Wu Jian.
             Shot with an arrow by a centaur (12 damage)
             ... on level 6 of the Dungeon.
             The game lasted 00:17:10 (4135 turns).

funkygono the Gouger (Felid Martial Artist)         Turns: 4135, Time: 00:17:11

Health: -6/32      AC:  2    Str:  9    XL:     6   Next: 51%
Magic:  13/13      EV: 21    Int: 11    God:    Wu Jian [**....]
Gold:   225        SH:  0    Dex: 19    Spells: 12/13 levels left
                                        Lives:  0   Deaths: 2

rFire    . . .     SeeInvis +     - Unarmed
rCold    . . .     Gourm    .   (shield unavailable)
rNeg     . . .     Faith    .   (armour unavailable)
rPois    .         Spirit   .   (helmet unavailable)
rElec    .         Reflect  .   (cloak restricted)
rCorr    .         Harm     .   (gloves unavailable)
MR       .....                  (boots unavailable)
Stlth    ++++......             (no amulet)
HPRegen  0.10/turn              i - ring of wizardry
MPRegen  0.13/turn              (no ring)

@: quick
A: very small, no armour, no weapons or thrown items, stealth, claws 1, fangs 3,
see invisible, carnivore, speed 1, shaggy fur 2, slow metabolism 1, sharp paws
a: Wall Jump, Serpent's Lash, Renounce Religion


You were on level 6 of the Dungeon.
You worshipped Wu Jian.
Wu Jian was pleased with you.
You were full.

You visited 1 branch of the dungeon, and saw 6 of its levels.

You collected 225 gold pieces.

Inventory:

Missiles
 f - 1012 stones
Jewellery
 i - a ring of wizardry (left paw)
Wands
 g - a wand of flame (15)
 l - a wand of paralysis (8)
Scrolls
 c - 3 scrolls of remove curse
 h - 3 scrolls of fear
 k - 4 scrolls of teleportation
Potions
 a - 3 potions of agility
 b - 5 potions of curing
 d - a potion of flight
 j - a potion of might
 n - 3 potions of brilliance
 o - a potion of cancellation
 p - a potion of ambrosia {unknown}
Comestibles
 e - 9 rations {!d}


   Skills:
 + Level 3.4 Fighting
 + Level 5.1 Dodging
 + Level 5.6 Stealth
 + Level 8.3 Unarmed Combat
 + Level 4.0 Spellcasting
 + Level 4.4 Hexes


You had 12 spell levels left.
You knew the following spells:

 Your Spells              Type           Power        Failure   Level  Hunger
a - Confusing Touch       Hex            ##......     1%          1    #......
Your spell library was empty.

Dungeon Overview and Level Annotations

Branches:
Dungeon (6/12)             Temple (0/1) D:6

Altars:
Trog


Innate Abilities, Weirdness & Mutations

You cannot wear almost all types of armour.
You are incapable of wielding weapons or throwing items.
Your paws allow you to move quietly. (Stealth)
You have sharp claws.
You have razor-sharp teeth.
You have supernaturally acute eyesight. (SInv)
You are carnivorous and can eat meat at any time.
You cover ground quickly.
You are covered in thick fur. (AC +2)
You have a slow metabolism.
Your sharp claws are effective at attacking unaware monsters.


Message History

You spin and attack the centaur.
You scratch the centaur.
The centaur is lightly wounded.
You spin and attack the water moccasin.
You claw the water moccasin! You bite the water moccasin.
You kill the water moccasin!
The Council accepts your kill. The centaur barely misses you.
You spin and attack the centaur.
You scratch the centaur. You bite the centaur, but do no damage.
The centaur is moderately wounded.
The centaur misses you.
The centaur wields a +0 shortbow.
The centaur shoots an arrow.
The arrow misses you.
The centaur shoots an arrow.
The arrow misses you.
You see here a potion of agility.
You open the door.
The centaur shoots an arrow.
The arrow hits you!
* * * LOW HITPOINT WARNING * * *
The leopard gecko barely misses you.
The centaur shoots an arrow.
The arrow hits you!
You die...

.. #P#...#P.#.# ... ##
#.##..#.# #####'#### P.
.(##.# #........# ##
#..##.# #........# ..
#.. #........# ...
#........+ # ...
########....=...##.#####
.?.....'......l!@.......
.#######.....c..##.#####
.# #........# # .#
#........# .# ##########
.# .# .# .#


You could see a centaur and a leopard gecko.

Vanquished Creatures
  A wyvern (D:5)
  A water moccasin (D:6)
  A sky beast (D:4)
  An ogre (D:4)
  A centaur (D:4)
  A bullfrog (D:6)
  2 scorpions
  A crimson imp (D:3)
  A hound (D:4)
  An iguana (D:4)
  A gnoll (D:3)
  6 adders
  A shadow imp (D:5)
  An ooze (D:1)
  2 adder skeletons (D:4)
  A worm (D:3)
  A dart slug (D:2)
  5 leopard geckos
  7 orcs
  2 ball pythons (D:2)
  3 bats
  7 hobgoblins
  4 quokkas
  A frilled lizard (D:1)
  A goblin (D:2)
  8 kobolds
  6 rats
68 creatures vanquished.

Vanquished Creatures (others)
  A wizard (D:3)
1 creature vanquished.

Grand Total: 69 creatures vanquished

Notes
Turn   | Place    | Note
-------+----------+-------------------------------------------
     0 | D:1      | funkygono the Felid Martial Artist began the quest for the
                  | Orb.
     0 | D:1      | Reached XP level 1. HP: 12/12 MP: 3/3
   331 | D:1      | Reached skill level 5 in Unarmed Combat
   331 | D:1      | Reached XP level 2. HP: 16/16 MP: 4/4
  1486 | D:2      | Reached XP level 3. HP: 20/20 MP: 5/5
  1514 | D:2      | Reached ** piety under Wu Jian
  1691 | D:2      | Noticed a scorpion
  1700 | D:2      | Killed a scorpion
  2471 | D:3      | Reached XP level 4. HP: 24/24 MP: 7/7
  2660 | D:3      | Found a bloodstained altar of Trog.
  2661 | D:3      | Reached skill level 6 in Unarmed Combat
  2661 | D:3      | Reached XP level 5. HP: 28/28 MP: 7/9
  2661 | D:3      | Gained mutation: You are covered in thick fur. (AC +2)
                  | [Felid growth]
  2661 | D:3      | Reached XP level 6. HP: 32/32 MP: 7/10
  2661 | D:3      | Noticed a wizard
  2667 | D:3      | Killed a wizard
  3409 | D:4      | Noticed a sky beast
  3423 | D:4      | Killed a sky beast
  3699 | D:4      | Reached skill level 7 in Unarmed Combat
  3699 | D:4      | Reached XP level 7. HP: 36/36 MP: 12/12
  3897 | D:5      | Entered Level 5 of the Dungeon
  3931 | D:5      | Reached skill level 5 in Stealth
  3931 | D:5      | Noticed a wyvern
  3949 | D:5      | Killed a wyvern
  3953 | D:6      | Found a staircase to the Ecumenical Temple.
  3961 | D:6      | Reached skill level 5 in Dodging
  3962 | D:6      | Shot with an arrow by a centaur
  3963 | D:6      | Reached XP level 6. HP: -1/32 MP: 12/12
  4008 | D:6      | Reached skill level 8 in Unarmed Combat
  4008 | D:6      | Noticed an ice beast
  4036 | D:6      | Shot with an arrow by a centaur
  4037 | D:6      | Reached XP level 5. HP: -9/28 MP: 11/11
  4040 | D:6      | Reached XP level 6. HP: 32/32 MP: 12/12
  4120 | D:6      | Noticed a water moccasin
  4130 | D:6      | Killed a water moccasin
  4135 | D:6      | Shot with an arrow by a centaur

Skill      XL: |  1  2  3  4  5  6  7 |
---------------+----------------------+-----
Unarmed Combat | 5 6 8 |  8.3
Stealth        | 2 3 4 5 |  5.6
Hexes          | 2 3 4 |  4.4
Spellcasting   | 2 4 |  4.0
Dodging        | 5 |  5.1
Fighting       | |  3.4

Action                   |  1- 3 |  4- 6 |  7- 9 || total
-------------------------+-------+-------+-------++-------
Melee: Unarmed           |    78 |    86 |    36 ||   200
       Bite              |     2 |    11 |     9 ||    22
       Punch             |       |     1 |       ||     1
 Cast: Confusing Touch   |     9 |    13 |     2 ||    24
Invok: Lunge             |    15 |    11 |     3 ||    29
       Whirlwind         |     2 |    10 |    13 ||    25
 Abil: Wall Jump         |     6 |     2 |       ||     8
  Use: Scroll            |    11 |     2 |       ||    13
 Stab: Sleeping          |     6 |     8 |       ||    14
       Confused          |     1 |     2 |     1 ||     4
  Eat: Chunk             |    10 |    11 |     1 ||    22
Armor: Skin              |     4 |     3 |     1 ||     8
Dodge: Dodged            |    47 |    55 |    32 ||   134
